 Dungeon Crawl Stone Soup version 0.30-a0-618-gd6c86c23d0 (webtiles) character file.

Game seed: 9910537375652966018

44150 Juicyj the Tortoise (level 13, -8/125 HPs)
             Began as a Minotaur Fighter on Jan 6, 2023.
             Was an Initiate of Gozag.
             Mangled by a yaktaur (12 damage)
             ... on level 14 of the Dungeon on Jan 9, 2023.
             The game lasted 00:23:52 (16093 turns).

Juicyj the Tortoise (Minotaur Fighter)             Turns: 16093, Time: 00:23:52

Health: -8/125     AC: 15    Str: 22    XL:     13   Next: 94%
Magic:  12/12      EV: 10    Int:  5    God:    Gozag
Gold:   1866       SH: 14    Dex: 17    Spells: 12/12 levels left

rFire   + . .      SeeInvis +    N - +5 demon trident (elec)
rCold   + + .      Faith    .    c - +1 buckler
rNeg    + . .      Spirit   .    t - +5 ring mail {rC+}
rPois   +          Reflect  +    B - -2 hat of the Alchemist {rElec rPois rF+ rC+ rN+ Will+ rMut rCorr}
rElec   +          Harm     .    (no cloak)
rCorr   +          Rampage  .    q - +2 pair of gloves
rMut    +                        (no boots)
Will    ++...                    v - amulet of reflection
Stlth   +                        C - ring of Wu Jian's Hatred {*Slow rC+ Will+ rCorr Dex+3}
HPRegen 0.40/turn                D - ring of see invisible
MPRegen 0.13/turn

@: mighty, gold aura, on berserk cooldown, slowed, very slow
A: horns 2, retaliatory headbutt, cold vulnerability 1
a: Renounce Religion, Potion Petition, Call Merchant, Bribe Branch


You were on level 14 of the Dungeon.
You worshipped Gozag.
Gozag was most pleased with you.
You visited 2 branches of the dungeon, and saw 16 of its levels.
You also visited: Sewer.

You collected 3180 gold pieces.
You spent 1180 gold pieces at shops.
You paid 134 gold pieces to Gozag.

Inventory:

Hand Weapons
 a - a +1 spectral trident
 N - a +5 demon trident of electrocution (weapon)
Armour
 b - a +0 scale mail
 c - a +1 buckler (worn)
 q - a +2 pair of gloves (worn)
 t - a +5 ring mail of cold resistance (worn)
 B - the -2 hat of the Alchemist (worn) {rElec rPois rF+ rC+ rN+ Will+ rMut rCorr}
   (You bought it in a shop on level 2 of the Dungeon)

   rF:        It protects you from fire.
   rC:        It protects you from cold.
   rElec:     It insulates you from electricity.
   rPois:     It protects you from poison.
   rN:        It protects you from negative energy.
   rCorr:     It protects you from acid and corrosion.
   rMut:      It protects you from mutation.
   Will:      It increases your willpower.
Jewellery
 k - a ring of wizardry
 v - an amulet of reflection (around neck)
 x - a ring of protection from cold
 y - a ring of protection from cold
 A - an amulet of guardian spirit
 C - the ring of Wu Jian's Hatred (left hand) {*Slow rC+ Will+ rCorr Dex+3}
   (You bought it in a shop on level 1 of the Dungeon)

   [ring of protection from cold]

   Dex:       It affects your dexterity (+3).
   rC:        It protects you from cold.
   rCorr:     It protects you from acid and corrosion.
   *Slow:     It may slow you when you take damage.
   Will:      It increases your willpower.
 D - a ring of see invisible (right hand)
 H - a ring of positive energy
 I - a ring of ice
 L - a ring of ice
Wands
 i - a wand of flame (37)
 z - a wand of polymorph (11)
 G - a wand of acid (8)
 M - a wand of digging (6)
Scrolls
 e - 8 scrolls of teleportation
 f - 4 scrolls of fog
 h - 3 scrolls of poison
 j - 4 scrolls of amnesia
 l - 3 scrolls of immolation
 s - 3 scrolls of identify
 w - 3 scrolls of magic mapping
 K - 9 scrolls of noise
 O - a scroll of fear
 P - a scroll of torment {unknown}
Potions
 d - a potion of might
 g - 6 potions of curing
 m - a potion of flight
 n - 2 potions of attraction
 o - 2 potions of haste
 p - a potion of resistance
 r - 3 potions of mutation
 u - 3 potions of cancellation
 F - a potion of brilliance
 J - a potion of ambrosia


   Skills:
 + Level 14.9 Fighting
 + Level 14.8 Polearms
 + Level 15.0 Armour
 + Level 15.0 Shields


You had 12 spell levels left.
You didn't know any spells.
Your spell library contained the following spells:

 Spells                   Type           Power      Damage    Failure   Level
 Dazzling Flash           Conj/Hex       0%         N/A       95%         3
 Kindle Blastsparks       Fire/Tloc/Air  0%         2d10      95%         3
 Fulminant Prism          Conj/Hex       0%         3d5       100%        4
 Iskenderun's Mystic Bla  Conj/Tloc      0%         2d3       100%        4
 Agony                    Necr           0%         N/A       100%        5
 Lee's Rapid Deconstruct  Erth           0%         3d4*      100%        5
 Silence                  Hex/Air        0%         N/A       100%        5


Dungeon Overview and Level Annotations

Branches:
Dungeon (15/15)            Temple (1/1) D:5            Lair (0/5) D:8
    Orc (0/2) D:10         Depths (0/4) D:15          Sewer (visited)
 Vaults: D:13-14

Altars:
Ashenzari
Dithmenos
Elyvilon
Fedhas
Gozag
Kikubaaqudgha
Makhleb
Nemelex Xobeh
Qazlal
Ru
Sif Muna
Trog
Uskayaw
Vehumet
Wu Jian
Xom
Yredelemnul

Shops:
D:1 =   D:2 [   D:3 :   D:6 :[*[:   D:7 (   D:9 [   D:13 [[!?

Portals:
Trove: D:12 (give 14 scrolls of teleportation)

Annotations:
D:13 exclusion: 2 statues


Innate Abilities, Weirdness & Mutations

You have a pair of horns on your head.
You reflexively headbutt those who attack you in melee.
You are vulnerable to cold. (rC-)


Message History

The yaktaur is distracted by your dazzling golden aura.
The deep elf knight shoots an arrow.
The arrow hits you but does no damage. You block the yaktaur's attack.
The deep elf knight gestures at you while chanting.
The shard of ice hits you! You partially resist.
* * * LOW HITPOINT WARNING * * *
The yaktaur shouts!
Items here: $ ))) [.
You barely miss the yaktaur. You headbutt the yaktaur.
The yaktaur is lightly wounded.
You hear a shout!
The yaktaur barely misses you. You furiously retaliate!
You headbutt the yaktaur!
The yaktaur unwields a +0 arbalest.
You block the yaktaur's attack.
You impale the yaktaur!! You headbutt the yaktaur.
You kill the yaktaur!
The yaktaur wields a +0 arbalest.
The yaktaur shoots a bolt.
You reflect the bolt off an invisible shield around you!
The bolt barely misses the yaktaur.
You barely miss the yaktaur.
The yaktaur is distracted by your dazzling golden aura.
The yaktaur shouts!
You puncture the yaktaur!
The yaktaur is no longer distracted by gold.
You headbutt the yaktaur!
The yaktaur is severely wounded.
You hear a shout!
The yaktaur is no longer distracted by gold.
The yaktaur is distracted by your dazzling golden aura.
You strike the helpless yaktaur from behind!
You impale the yaktaur!!
You kill the yaktaur!
The deep elf knight points at you and mumbles some strange words.
The shard of ice hits you!! You partially resist.
* * * LOW HITPOINT WARNING * * *
The yaktaur unwields a +0 arbalest.
The yaktaur hits you but does no damage.
The yaktaur attacks as you move away! The yaktaur hits you!
You die...
Your body crumbles into a pile of gold.

##..........# .## .# .
#..[........# #.#..#.#
###.####....# #.#..#.##
..#..# #.##.# .........
....######..#####.#..#.##
.#.......................
###......................
# #.#..[....#####e#..#.##
#.#.#[....# #.@cc......
###.###.....#..##$#..#.##
.#......>...#.# #.#..# #
...#........#. #.##..# $
#..#........# ... ..#
#..###......#######..##
....##................# $
...####...............#
....##.....###........###


You could see a deep elf knight (fast) and 2 yaktaurs.

Vanquished Creatures
  A hydra (D:14)
  The ghost of beezmis the Arsonist, a journeyman HOFE of Vehumet (D:9)
  Fannar (D:11)
  2 ogre magi
  2 centaur warriors
  8 two-headed ogres
  2 tengu warriors (D:15)
  2 boulder beetles
  Amaemon (D:11)
  A sea snake (shapeshifter) (D:13)
  A skeletal warrior (D:14)
  An orc knight (D:10)
  6 deep elf pyromancers
  A necromancer (D:15)
  A wizard (D:15)
  14 ugly things
  2 orc sorcerers (D:15)
  2 manticores
  8 cyclopes
  A guardian serpent (shapeshifter) (D:15)
  A gargoyle (D:7)
  3 unseen horrors
  A cane toad (shapeshifter) (D:14)
  4 centaur skeletons
  An orange demon (D:11)
  A kobold demonologist (D:7)
  2 yaktaurs (D:14)
  A komodo dragon (D:12)
  Psyche (D:8)
  A freezing wraith (D:14)
  2 trolls
  A guardian mummy (D:12)
  6 meliai
  Grinder (D:4)
  A raiju (shapeshifter) (D:15)
  A meliai zombie (D:15)
  A shadow (D:11)
  23 yaks
  A wraith (D:13)
  2 wyverns
  A basilisk (D:13)
  3 vampire mosquitoes (D:14)
  2 steam dragons
  Edmund (D:4)
  2 water moccasins (D:7)
  2 sky beasts (D:7)
  3 ice beasts
  3 black bears
  8 orc warriors
  7 ogres
  6 centaurs
  A phantom (D:7)
  3 kobold brigands
  4 bullfrogs
  Blork the orc (D:4)
  A gnoll sergeant (D:7)
  3 scorpions
  4 necrophages
  14 wights
  10 howler monkeys
  A lava snake (D:10)
  3 orc priests (D:10)
  A gnoll bouda (D:5)
  3 hounds
  An iguana (D:7)
  7 orc wizards
  3 boggart skeletons
  18 gnolls
  5 adders
  A river rat (Sewer)
  2 shadow imps
  An ufetubus (D:5)
  5 worms
  33 orcs
  4 bats
  6 endoplasms
  3 giant cockroaches (D:4)
  40 goblins
  23 hobgoblins
  2 jackals (D:3)
  6 quokkas
  4 ball pythons
  3 frilled lizards
  16 kobolds
  10 rats
393 creatures vanquished.

Vanquished Creatures (others)
  17 plants
17 creatures vanquished.

Grand Total: 410 creatures vanquished

Notes
Turn   | Place    | Note
-------+----------+-------------------------------------------
     0 | D:1      | Juicyj the Minotaur Fighter began the quest for the Orb.
     0 | D:1      | Reached XP level 1. HP: 19/19 MP: 0/0
   500 | D:1      | Found Fostodgh's Jewellery Emporium.
   585 | D:2      | Reached XP level 2. HP: 27/27 MP: 1/1
   741 | D:2      | Found Sonlyd's Armour Boutique.
   751 | D:2      | Reached XP level 3. HP: 18/33 MP: 2/2
  1332 | D:2      | Found a sacrificial altar of Ru.
  1344 | D:2      | Reached XP level 4. HP: 40/40 MP: 3/3
  2004 | D:3      | Reached XP level 5. HP: 12/47 MP: 4/4
  2693 | D:3      | Found Emosuy's Book Shoppe.
  2789 | D:3      | Reached skill level 5 in Armour
  2791 | D:3      | Reached skill level 5 in Shields
  2797 | D:3      | Reached skill level 5 in Fighting
  3176 | D:4      | Found a glowing drain.
  3181 | D:4      | Reached XP level 6. HP: 56/56 MP: 5/5
  3203 | Sewer    | Entered a sewer
  3824 | D:4      | Noticed Blork the orc
  3828 | D:4      | Killed Blork the orc
  3829 | D:4      | Reached skill level 5 in Polearms
  3884 | D:4      | Noticed Edmund
  3897 | D:4      | Killed Edmund
  3898 | D:4      | Reached XP level 7. HP: 23/62 MP: 6/6
  4089 | D:4      | Noticed Grinder
  4089 | D:4      | Paralysed by Grinder for 4 turns
  4098 | D:4      | Killed Grinder
  4424 | D:4      | Found a broken altar of Ashenzari.
  4514 | D:5      | Entered Level 5 of the Dungeon
  4527 | D:5      | Found an ancient bone altar of Kikubaaqudgha.
  4537 | D:5      | Found a staircase to the Ecumenical Temple.
  4589 | Temple   | Entered the Ecumenical Temple
  4609 | Temple   | Became a worshipper of Gozag Ym Sagoz the Greedy
  4712 | D:5      | Reached XP level 8. HP: 71/71 MP: 7/7
  5019 | D:5      | Found a sparkling altar of Nemelex Xobeh.
  5019 | D:5      | Found a radiant altar of Vehumet.
  5290 | D:6      | Found Porriu Hong's Armour Shop.
  5291 | D:6      | Found Bigeoz's Book Emporium.
  5292 | D:6      | Found Deekhlorgh's General Store.
  5294 | D:6      | Found Garapaan's Armour Emporium.
  5294 | D:6      | Found Tysis's Book Shop.
  5584 | D:6      | Identified the +2 robe of Eternal Vigilance {+Blink rElec
                  | Int-5 Dex-3}
  5815 | D:6      | Found a bloodstained altar of Trog.
  6178 | D:7      | Reached XP level 9. HP: 81/81 MP: 8/8
  6331 | D:7      | Found Hiomn's Antique Weapon Boutique.
  6537 | D:7      | Noticed a boulder beetle
  6556 | D:7      | Killed a boulder beetle
  6670 | D:7      | Noticed a gargoyle
  6679 | D:7      | Killed a gargoyle
  6680 | D:7      | Reached XP level 10. HP: 66/91 MP: 9/9
  7282 | D:8      | Reached skill level 10 in Shields
  7317 | D:8      | Noticed a two-headed ogre
  7322 | D:8      | Killed a two-headed ogre
  7323 | D:8      | Reached skill level 10 in Fighting
  7323 | D:8      | Reached skill level 10 in Armour
  7374 | D:8      | Found a burning altar of Makhleb.
  7388 | D:8      | Reached skill level 10 in Polearms
  7523 | D:8      | Found a shadowy altar of Dithmenos.
  7637 | D:8      | Noticed Psyche
  7643 | D:8      | Killed Psyche
  7788 | D:2      | Bought the -2 hat of the Alchemist {rElec rPois rF+ rC+ rN+
                  | Will+ rMut rCorr} for 613 gold pieces
  7788 | D:2      | Found the -2 hat of the Alchemist {rElec rPois rF+ rC+ rN+
                  | Will+ rMut rCorr}
  7846 | D:1      | Bought the ring of Wu Jian's Hatred {*Slow rC+ Will+ rCorr
                  | Dex+3} for 482 gold pieces
  8047 | D:9      | Reached XP level 11. HP: 97/101 MP: 10/10
  8083 | D:8      | Found a staircase to the Lair.
  8241 | D:8      | Found a hide-covered altar of Uskayaw.
  8513 | D:9      | Found a blossoming altar of Fedhas.
  8539 | D:9      | Found a runed translucent door.
  8543 | D:9      | Noticed a deep elf pyromancer
  8544 | D:9      | Noticed beezmis's ghost (journeyman HOFE)
  8595 | D:9      | Noticed a two-headed ogre
  8599 | D:9      | Killed a two-headed ogre
  8727 | D:9      | Found Calaom Zeyve's Armour Boutique.
  8999 | D:9      | Killed a deep elf pyromancer
  9012 | D:9      | Killed beezmis's ghost
  9138 | D:10     | Entered Level 10 of the Dungeon
  9237 | D:10     | Noticed an orc knight
  9282 | D:10     | an orc knight changed into a cyclops
  9290 | D:10     | Noticed an orc knight
  9320 | D:10     | Killed an orc knight
  9495 | D:10     | Found a staircase to the Orcish Mines.
 10104 | D:11     | Noticed Amaemon
 10113 | D:11     | Killed Amaemon
 10392 | D:11     | Noticed a two-headed ogre
 10405 | D:11     | Killed a two-headed ogre
 10414 | D:11     | Reached XP level 12. HP: 98/112 MP: 11/11
 10586 | D:11     | Noticed Fannar
 10595 | D:11     | Killed Fannar
 10898 | D:12     | Noticed a centaur warrior
 10906 | D:12     | Killed a centaur warrior
 11343 | D:12     | Found a portal to a secret trove of treasure.
 11712 | D:13     | Found Toynte Gaug's Armour Shoppe.
 11745 | D:13     | Noticed a two-headed ogre
 11754 | D:13     | Killed a two-headed ogre
 11842 | D:13     | Gained mutation: You are vulnerable to cold. (rC-) [a
                  | shining eye]
 11848 | D:13     | HP: 3/115 [manticore (3)]
 11848 | D:13     | HP: 1/115 [manticore (2)]
 12284 | D:13     | Found Piar's Magic Scroll Boutique.
 12325 | D:13     | Noticed a centaur warrior
 12332 | D:13     | Killed a centaur warrior
 12593 | D:13     | Found Feplyw's Distillery.
 12616 | D:13     | Bought a potion of berserk rage for 85 gold pieces
 12747 | D:13     | Found Kyleq's Antique Armour Emporium.
 13267 | D:14     | Upgraded the game from 0.30-a0-596-g0af90f9a20 to
                  | 0.30-a0-618-gd6c86c23d0
 13471 | D:14     | Reached XP level 13. HP: 113/123 MP: 12/12
 13503 | D:14     | You fall into a shaft and drop 1 floor!
 13503 | D:15     | Entered Level 15 of the Dungeon
 13506 | D:15     | Found a stormy altar of Qazlal.
 13952 | D:15     | Found a staircase to the Depths.
 14391 | D:15     | Identified a scroll of acquirement
 14393 | D:15     | Acquired a +5 demon trident of electrocution
 14446 | D:15     | Identified the +6 scale mail of Sin {rElec rN++ Int+4}
 16079 | D:14     | Reached skill level 15 in Armour
 16079 | D:14     | Reached skill level 15 in Shields
 16092 | D:14     | HP: 4/125 [deep elf knight/shard of ice (25)]
 16093 | D:14     | Mangled by a yaktaur

Illustrated notes

Levels and vault maps discovered:
D:1:      minmay_arrival_solitary_statue, layout_basic, serial_shops,
          nicolae_shop_temple_entry_statues_fountains
D:2:      layout_loops_ring, basic_altar, serial_shops, shop,
          minmay_tetromino_o4
D:3:      minmay_goblin_kobold_castle, layout_basic, serial_shops,
          nicolae_shop_statue_plus, supply_closet_lemuel
D:4:      layout_basic, lemuel_doored_altar, portal_sewer_entry_a, uniq_edmund,
          uniq_grinder, uniq_blork_the_orc
D:5:      layout_cave_pools, lemuel_round_altar,
          gammafunk_temple_overflow_pools, minmay_temple_entry_hall
D:6:      layout_loops_corners, trog_three_pillars_becter, minmay_statues_item,
          nicolae_wooded_promenade, st_stairs_11
D:7:      nzn_winding_woodlands_small [nzn_winding_woodlands_5x15_pockets,
          nzn_winding_woodlands_center_pierced_h,
          nzn_winding_woodlands_5x15_jagged], layout_rooms, serial_shops,
          nicolae_inconvenience_store, enter_bailey_3
D:8:      layout_rooms, nicolae_dithmenos_shadow_blocks,
          mainiacjoe_overflow_alcove_4, nicolae_uskayaw_dance_studio,
          lair_entry_dummy, uniq_psyche
D:9:      layout_long_grid, lemuel_coloured_pillars_altar, serial_shops, shop,
          ebering_ghost_inner_flame
D:10:     layout_basic, david_orc_5, kennysheep_generic_room_16
D:11:     layout_long_grid, uniq_fannar, uniq_amaemon
D:12:     layout_rooms, nicolae_trove_entry_path_of_doom
D:13:     layout_basic, serial_shops, nicolae_shop_stone,
          nicolae_shop_advertising_works [nicolae_subvault_shop_adworks],
          shop_scrolls, kennysheep_mini, minmay_dual_archer_statues
D:14:     layout_cave_pools, hangedman_vaults_entry_quadrant_bands,
          nicolae_vehumet_radiance, serial_shops, kennysheep_little_box,
          minivault_26, kennysheep_small_spiral
D:15:     grunt_enter_depths_magical_seal, layout_layer_cave,
          nicolae_qazlal_scattered_showers, serial_bayou_pond_a
Temple:   dshaligram_water_room_temple

Skill      XL: |  1  2  3  4  5  6  7  8  9 10 11 12 13 |
---------------+----------------------------------------+-----
Armour         | 4 5 6 7 9 10 12 13 15 | 15.0
Fighting       | 4 5 6 7 9 10 12 13 14 | 14.9
Shields        | 4 5 6 7 9 10 12 13 15 | 15.0
Polearms       | 3 4 5 6 7 9 10 12 13 14 | 14.8

Action                   |  1- 3 |  4- 6 |  7- 9 | 10-12 | 13-15 || total
-------------------------+-------+-------+-------+-------+-------++-------
Melee: Trident           |    77 |   275 |   152 |   442 |    95 ||  1041
       Headbutt          |    15 |    38 |    26 |    76 |    43 ||   198
       Demon trident     |       |       |       |       |   117 ||   117
Evoke: Wand              |       |       |       |     2 |       ||     2
  Use: Scroll            |       |    12 |     5 |     4 |     5 ||    26
       Potion            |       |     4 |       |     6 |     7 ||    17
 Stab: Distracted        |       |     1 |     3 |    12 |     4 ||    20
       Invisible         |       |       |       |     4 |       ||     4
Armor: Scale mail        |    19 |    80 |     2 |       |       ||   101
       Ring mail         |       |       |    26 |    78 |    46 ||   150
Dodge: Dodged            |    22 |    94 |    32 |    77 |    44 ||   269
Block: Buckler           |     8 |    74 |    17 |    70 |    76 ||   245
       Reflection        |       |       |       |       |     5 ||     5

Table legend: (Time is in decaauts)
 A = Elapsed time spent in this place.
 B = Non-inter-level travel time spent in this place.
 C = Inter-level travel time spent in this place.
 D = Time resting spent in this place.
 E = Time spent auto-exploring this place.
 F = Levels seen in this place.
 G = Mean time per level.
                   A        B        C        D        E       F      G
               +--------+--------+--------+--------+--------+-----+--------+
         Total |  16052 |  15224 |    828 |   1341 |  11339 |  17 |  944.2 |
       Dungeon |  15370 |  14542 |    828 |   1341 |  10944 |  15 | 1024.7 |
        Temple |     40 |     40 |      0 |      0 |     10 |   1 |   40.0 |
         Sewer |    641 |    641 |      0 |      0 |    384 |   1 |  641.0 |
               +--------+--------+--------+--------+--------+-----+--------+

Top non-repeatable levels by time:
    D:15: 2212 daAuts
    D:13: 1694 daAuts
     D:3: 1636 daAuts
     D:7: 1290 daAuts
     D:2: 1015 daAuts
     D:6: 1014 daAuts
     D:4: 922 daAuts
     D:9: 867 daAuts
    D:10: 810 daAuts
    D:12: 768 daAuts
    D:11: 767 daAuts
   Sewer: 641 daAuts
     D:8: 636 daAuts
     D:1: 620 daAuts
     D:5: 567 daAuts
